 Dungeon Crawl Stone Soup version 0.22.0-49-gab54619 (webtiles) character file.

821 Fang the Chopper (level 7, -5/67 HPs)
             Began as a Gargoyle Berserker on Sept 5, 2018.
             Was a Priest of Trog.
             Slain by an ice beast (9 damage)
             ... on level 5 of the Dungeon.
             The game lasted 00:08:15 (5687 turns).

Fang the Chopper (Gargoyle Berserker)               Turns: 5687, Time: 00:08:15

Health: -5/67      AC:  8    Str: 34    XL:     7   Next: 95%
Magic:  7/7        EV: 13    Int: 10    God:    Trog [***...]
Gold:   207        SH:  0    Dex:  9    Spells: 6/6 levels left

rFire    + + .     SeeInvis .   a - +0 hand axe
rCold    . . .     Gourm    .   (no shield)
rNeg     + + .     Faith    .   t - +1 robe of the Butterfly {+Blink Int+3}
rPois    ∞         Spirit   .   (no helmet)
rElec    +         Reflect  .   (no cloak)
rCorr    .         Harm     .   (no gloves)
MR       +....                  (no boots)
Stlth    ..........             (no amulet)
HPRegen  0.21/turn              q - ring of protection from magic
MPRegen  0.10/turn              s - ring "Jyiruf" {rF++ rN+ Str+6 Slay-4}

@: berserking, very quick
A: negative energy resistance 1, electricity resistance, unbreathing,
petrification resistance, rot immunity, AC +4
a: Berserk, Trog's Hand, Renounce Religion, Evoke Blink


You were on level 5 of the Dungeon.
You worshipped Trog.
Trog was most pleased with you.
You were not hungry.

You visited 1 branch of the dungeon, and saw 5 of its levels.

You collected 207 gold pieces.

Inventory:

Hand Weapons
 a - a +0 hand axe (weapon)
Armour
 t - the +1 robe of the Butterfly (worn) {+Blink Int+3}
   (You found it on level 4 of the Dungeon)

   It affects your intelligence (+3).
   It lets you blink.
Jewellery
 q - a ring of protection from magic (left hand)
 s - the ring "Jyiruf" (right hand) {rF++ rN+ Str+6 Slay-4}
   (You took it off a kobold on level 4 of the Dungeon)

   [ring of positive energy]

   It affects your strength (+6).
   It affects your accuracy and damage with ranged weapons and melee attacks
   (-4).
   It greatly protects you from fire.
   It protects you from negative energy.
Scrolls
 b - a scroll of amnesia {unknown}
 f - 6 scrolls of identify {unknown}
 g - 2 scrolls of teleportation {unknown}
 j - a scroll of fog {unknown}
 k - 5 scrolls of remove curse {unknown}
 m - a scroll of enchant weapon {unknown}
 n - a scroll of random uselessness {unknown}
 p - a scroll of blinking {unknown}
Potions
 d - a potion of curing {unknown}
 e - a potion of magic {unknown}
 h - a potion of berserk rage
 i - 2 potions of agility {unknown}
 l - a potion of degeneration {unknown}
 o - a potion of cancellation {unknown}
 r - a potion of mutation {unknown}
 u - 2 potions of heal wounds {unknown}
 v - a potion of haste {unknown}
Comestibles
 c - 6 rations


   Skills:
 + Level 5.6 Fighting
 + Level 5.7 Axes
 + Level 2.2 Armour
 + Level 3.7 Dodging
 + Level 3.0 Stealth


You had 6 spell levels left.
You didn't know any spells.
Your spell library was empty.

Dungeon Overview and Level Annotations

Branches:
Dungeon (5/15)
 Temple: D:4-7

Altars:
Elyvilon
Uskayaw
Zin

Annotations:
D:4 3 runed doors, LA's ghost, amateur MiFi; Steeltoe's ghost, amateur HOMo; sand's ghost, amateur DEAE; weregild's ghost, amateur DsGl


Innate Abilities, Weirdness & Mutations

You are resistant to torment.
Your stone body is resilient. (AC +4)
You are immune to poison.
You resist negative energy. (rN+)
You are resistant to electric shocks. (rElec)
You can survive without breathing.
You are immune to petrification.
You are immune to rotting.


Message History

* * * LOW HITPOINT WARNING * * *
You slash the ice beast!
The ice beast is almost dead.
You hit the ice beast.
The ice beast is almost dead.
The ice beast closely misses you.
You closely miss the ice beast.
The ice beast is almost dead.
The ice beast hits you but does no damage.
You closely miss the ice beast.
The ice beast is almost dead.
You closely miss the ice beast.
The ice beast is almost dead.
The ice beast hits you but does no damage.
You closely miss the ice beast.
The ice beast is almost dead.
The ice beast hits you.
* * * LOW HITPOINT WARNING * * *
The ice beast freezes you!
You die...

#. #..8.8.8.# ##
###.# #........####†
#...###.............
#.......#...)...###.
#.....#.#_)..†..# #.
#.......#......## #.
#..<...........# #.
#....#..........# #.
#..@####.8.8.8.>....
##Y## #.......#.##.
#.. ####..#.... ###
###.#### #.# #.


You could see an ice beast.

Vanquished Creatures
  The ghost of HarryHood the Cudgeler, an amateur MiBe of Trog (D:3)
  A scorpion (D:2)
  A crimson imp (D:5)
  5 hounds
  3 orc wizards (D:2)
  Crazy Yiuf (D:2)
  3 orc priests
  A centaur skeleton (D:5)
  A worker ant (D:4)
  A hound skeleton (D:4)
  3 gnolls (D:3)
  5 adders
  An ooze (D:1)
  An adder zombie (D:5)
  3 worms
  4 dart slugs
  4 orcs
  8 bats
  2 giant cockroaches
  6 goblins
  7 hobgoblins
  10 jackals
  3 quokkas
  A ball python skeleton (D:4)
  4 frilled lizards
  12 kobolds
  6 rats
98 creatures vanquished.

Vanquished Creatures (others)
  2 withered plants (D:4)
2 creatures vanquished.

Grand Total: 100 creatures vanquished

Notes
Turn   | Place    | Note
-------+----------+-------------------------------------------
     0 | D:1      | Fang the Gargoyle Berserker began the quest for the Orb.
     0 | D:1      | Reached XP level 1. HP: 14/14 MP: 1/1
    79 | D:1      | Reached XP level 2. HP: 13/19 MP: 2/2
   388 | D:1      | Reached XP level 3. HP: 24/24 MP: 3/3
   475 | D:1      | Reached ** piety under Trog
  1211 | D:2      | Noticed a scorpion
  1217 | D:2      | Killed a scorpion
  1217 | D:2      | Reached XP level 4. HP: 29/29 MP: 4/4
  1462 | D:2      | Reached XP level 5. HP: 25/34 MP: 5/5
  1510 | D:2      | Reached XP level 6. HP: 14/40 MP: 6/6
  1987 | D:2      | Reached skill level 1 in Stealth
  2005 | D:2      | Found a runed door.
  2443 | D:2      | Noticed Crazy Yiuf
  2446 | D:2      | Paralysed by Crazy Yiuf for 6 turns
  2452 | D:2      | HP: 3/60 [Crazy Yiuf/quarterstaff of chaos (1)]
  2456 | D:2      | Killed Crazy Yiuf
  2456 | D:2      | Reached skill level 5 in Fighting
  3225 | D:3      | Reached *** piety under Trog
  3597 | D:3      | Found a runed door.
  3598 | D:3      | Noticed HarryHood's ghost (amateur MiBe)
  3616 | D:3      | Killed HarryHood's ghost
  3616 | D:3      | Reached skill level 5 in Axes
  3616 | D:3      | Reached XP level 7. HP: 44/44 MP: 7/7
  4032 | D:4      | Found a white marble altar of Elyvilon.
  4233 | D:4      | Found a runed gate.
  4234 | D:4      | Found a runed gate.
  4250 | D:4      | Found a runed gate.
  4251 | D:4      | Noticed Steeltoe's ghost (amateur HOMo)
  4253 | D:4      | Noticed sand's ghost (amateur DEAE)
  4253 | D:4      | Noticed LA's ghost (amateur MiFi)
  4256 | D:4      | Noticed weregild's ghost (amateur DsGl)
  4375 | D:4      | Found a glowing silver altar of Zin.
  4443 | D:4      | Got an ancient wooden ring
  4567 | D:4      | Got a shadowed robe
  4578 | D:4      | Identified the +1 robe of the Butterfly {+Blink Int+3} (You
                  | found it on level 4 of the Dungeon)
  4579 | D:4      | Identified the ring "Jyiruf" {rF++ rN+ Str+6 Slay-4} (You
                  | took it off a kobold on level 4 of the Dungeon)
  5563 | D:5      | Entered Level 5 of the Dungeon
  5621 | D:5      | Found a hide-covered altar of Uskayaw.
  5687 | D:5      | Slain by an ice beast

Skill      XL: |  1  2  3  4  5  6  7 |
---------------+----------------------+-----
Axes           | 3 4 5 |  5.7
Fighting       | 4 5 |  5.6
Dodging        | 2 3 |  3.7
Stealth        | 2 3 |  3.0
Armour         | |  2.2

Action                   |  1- 3 |  4- 6 |  7- 9 || total
-------------------------+-------+-------+-------++-------
Melee: Hand axe          |   121 |   143 |   193 ||   457
Invok: Berserk           |     1 |     5 |     1 ||     7
 Stab: Sleeping          |     1 |     3 |     2 ||     6
       Distracted        |       |       |     1 ||     1
  Eat: Chunk             |     1 |     9 |     2 ||    12
       Ration            |       |     1 |     2 ||     3
Armor: Animal skin       |    45 |    60 |    18 ||   123
       Robe              |       |       |    54 ||    54
Dodge: Dodged            |    72 |    91 |   145 ||   308
